 Dungeon Crawl Stone Soup version 0.30-a0-808-g6e0788376e (webtiles) character file.

Game seed: 11325797811997520232

42 cforsyth the Sneak (level 3, -2/22 HPs)
             Began as a Kobold Brigand on Feb 26, 2023.
             Slain by a jackal (3 damage)
             ... on level 2 of the Dungeon.
             The game lasted 00:01:04 (880 turns).

cforsyth the Sneak (Kobold Brigand)                  Turns: 880, Time: 00:01:05

Health: -2/22      AC:  3    Str:  8    XL:     3   Next: 77%
Magic:  3/3        EV: 15    Int: 12    God:
Gold:   68         SH:  0    Dex: 18    Spells: 2/2 levels left

rFire   . . .      SeeInvis .    a - +2 dagger
rCold   . . .      Faith    .    (no shield)
rNeg    . . .      Spirit   .    b - +0 robe
rPois   .          Reflect  .    (no helmet)
rElec   .          Harm     .    c - +0 cloak
rCorr   .          Rampage  .    (no gloves)
Will    .....                    (no boots)
Stlth   ++++                     (no amulet)
HPRegen 0.23/turn                (no ring)
MPRegen 0.08/turn                (no ring)

@: brilliant, lethally poisoned (-2 -> -6)
A: small, no large weapons, nightstalker 3
a: no special abilities


You were on level 2 of the Dungeon.
You visited 1 branch of the dungeon, and saw 2 of its levels.

You collected 68 gold pieces.

Inventory:

Hand Weapons
 a - a +2 dagger (weapon)
Missiles
 d - 9 poisoned darts (quivered)
 e - 3 curare-tipped darts
 l - 2 throwing nets
Armour
 b - a +0 robe (worn)
 c - a +0 cloak (worn)
Scrolls
 f - 3 scrolls of identify {unknown}
 g - a scroll of teleportation {unknown}
 h - a scroll of enchant armour {unknown}
 i - a scroll of fear {unknown}
 k - a scroll of amnesia {unknown}
 m - a scroll of poison {unknown}
 n - a scroll of enchant weapon {unknown}


   Skills:
 + Level 2.7 Fighting
 + Level 3.4 Short Blades
 - Level 2.1 Throwing
 + Level 2.2 Dodging
 + Level 5.8 Stealth


You had 2 spell levels left.
You didn't know any spells.
Your spell library was empty.

Dungeon Overview and Level Annotations

Branches:
Dungeon (2/15)

Altars:


Innate Abilities, Weirdness & Mutations

You are small and have problems with some larger weapons.
You are completely attuned to the shadows.


Message History

The ball python bites you but does no damage.
The ball python constricts you.
You closely miss the ball python. The jackal closely misses you.
The jackal bites you but does no damage.
The adder bites you.
You are poisoned.
The adder poisons you! The frilled lizard barely misses you.
The jackal bites you but does no damage.
The ball python barely misses you. The ball python constricts you.
You hit the ball python.
You kill the ball python!
You feel sick. The jackal barely misses you. The jackal closely misses you.
The adder bites you.
You are more poisoned.
The adder poisons you! The jackal misses you. The frilled lizard bites you.
You are too injured to fight recklessly!
You are too injured to fight recklessly!
You are too injured to fight recklessly!
You are too injured to fight recklessly!
You are too injured to fight recklessly!
You are too injured to fight recklessly!
The adder attacks as you move away! The adder misses you.
The jackal attacks as you move away! The jackal barely misses you.
The jackal attacks as you move away! The jackal barely misses you.
You feel very sick. The jackal bites you.
* * * LOW HITPOINT WARNING * * *
The jackal bites you.
* * * LOW HITPOINT WARNING * * *
The jackal barely misses you.
The frilled lizard attacks as you move away!
The frilled lizard barely misses you.
* * * LOW HITPOINT WARNING * * *
You feel sick. The jackal misses you. The jackal barely misses you.
The jackal closely misses you.
It was a potion of brilliance.
You feel clever all of a sudden.
* * * LOW HITPOINT WARNING * * *
You feel sick.
The jackal barely misses you. x2; The jackal bites you.
You die...

....#..# ......!
......# ....).#
###...l#
.....hh# #.#
#..Sh@# #.#
#.....#### #.#
..........####.#
..............<#
##.....####.#..#
#.....# #...##
.....# ##.....
#..... #.....


You could see an adder, 3 jackals and a frilled lizard.

Vanquished Creatures
  3 dart slugs (D:1)
  An endoplasm (D:1)
  2 giant cockroaches (D:1)
  5 goblins (D:1)
  7 hobgoblins
  A jackal (D:2)
  3 quokkas (D:1)
  3 ball pythons
  A bat (D:1)
  2 frilled lizards
  2 kobolds
  2 rats (D:1)
32 creatures vanquished.

Notes
Turn   | Place    | Note
-------+----------+-------------------------------------------
     0 | D:1      | cforsyth the Kobold Brigand began the quest for the Orb.
     0 | D:1      | Reached XP level 1. HP: 12/12 MP: 1/1
    99 | D:1      | Reached XP level 2. HP: 18/18 MP: 2/2
   520 | D:1      | Reached XP level 3. HP: 22/22 MP: 3/3
   880 | D:2      | HP: 1/22 [poisoned by an adder]
   880 | D:2      | Slain by a jackal

Illustrated notes

Levels and vault maps discovered:
D:1:      giann_bridges, layout_basic, chequers_mini_garden
D:2:      layout_rooms, hellmonk_ecumenical_altar_run_dry

Skill      XL: |  1  2  3 |
---------------+----------+-----
Short Blades   | 3 |  3.4
Dodging        | 2 |  2.2
Fighting       | |  2.7
Throwing       | |  2.1
Stealth        | |  5.8

Action                     || total
---------------------------++-------
  Melee: Dagger            ||   109
         Punch             ||     1
    Use: Potion            ||     1
   Stab: Sleeping          ||     9
 Armour: Robe              ||    24
  Dodge: Dodged            ||    81

Table legend: (Time is in decaauts)
 A = Elapsed time spent in this place.
 B = Non-inter-level travel time spent in this place.
 C = Inter-level travel time spent in this place.
 D = Time resting spent in this place.
 E = Time spent auto-exploring this place.
 F = Levels seen in this place.
 G = Mean time per level.
                   A        B        C        D        E       F      G
               +--------+--------+--------+--------+--------+-----+--------+
         Total |    862 |    852 |     10 |      0 |    673 |   2 |  431.0 |
       Dungeon |    862 |    852 |     10 |      0 |    673 |   2 |  431.0 |
               +--------+--------+--------+--------+--------+-----+--------+

Top non-repeatable levels by time:
     D:1: 826 daAuts
     D:2: 36 daAuts
